 Dungeon Crawl Stone Soup version 0.26.0-3-g156281e41b (webtiles) character file.

Game seed: 3367841778831477194

203 EnegeticOcto the Chopper (level 5, -7/49 HPs)
             Began as a Deep Dwarf Fighter on Jan 9, 2021.
             Splashed by Ijyb's acid (8 damage)
             ... on level 3 of the Dungeon.
             The game lasted 00:00:49 (1389 turns).

EnegeticOcto the Chopper (Deep Dwarf Fighter)       Turns: 1389, Time: 00:00:50

Health: -7/49      AC:  7    Str: 21    XL:     5   Next: 51%
Magic:  3/3        EV:  4    Int:  8    God:
Gold:   137        SH:  9    Dex: 12    Spells: 4/4 levels left

rFire    . . .     SeeInvis .   a - +0 war axe
rCold    . . .     Faith    .   c - +0 kite shield
rNeg     . . .     Spirit   .   h - +0 plate armour (curse)
rPois    .         Reflect  .   (no helmet)
rElec    .         Harm     .   (no cloak)
rCorr    .         Rampage  .   (no gloves)
Will     .....                  (no boots)
Stlth    ..........             (no amulet)
HPRegen  0.00/turn              (no ring)
MPRegen  0.08/turn              (no ring)

@: corroded, non-regenerating
A: damage resistance, heal wounds, sense surroundings 1, no regeneration
a: Heal Wounds


You were on level 3 of the Dungeon.
You visited 1 branch of the dungeon, and saw 3 of its levels.

You collected 137 gold pieces.

Inventory:

Hand Weapons
 a - a +0 war axe (weapon)
Armour
 b - a +0 scale mail
 c - a +0 kite shield (worn)
 h - a cursed +0 plate armour (worn)
Jewellery
 f - an uncursed ring of fire {unknown}
 g - an uncursed amulet of guardian spirit {unknown}
 l - a +6 ring of strength {unknown}
 q - an uncursed ring of willpower {unknown}
Wands
 n - a wand of enslavement (4)
 u - a wand of iceblast (5) {@v2}
Scrolls
 e - a scroll of fog {unknown}
 i - a scroll of teleportation {unknown}
 j - a scroll of noise {unknown}
 s - a scroll of remove curse {unknown}
 t - a scroll of blinking {unknown}
Potions
 d - a potion of might {@q3}
 k - a potion of invisibility {unknown}
 m - a potion of mutation {unknown}
 o - a potion of cancellation {unknown}
 p - a potion of berserk rage {unknown}
 r - a potion of experience {unknown}


   Skills:
 + Level 3.4 Fighting
 * Level 4.3 Axes
 + Level 4.2 Armour
 + Level 4.2 Shields


You had 4 spell levels left.
You didn't know any spells.
Your spell library was empty.

Dungeon Overview and Level Annotations

Branches:
Dungeon (3/15)

Altars:

Annotations:
D:3 Ijyb, Jessica


Innate Abilities, Weirdness & Mutations

You are resistant to damage.
You can heal yourself by infusing magical energy.
You passively map a small area around you.
You do not regenerate.


Message History

You are too injured to fight recklessly!
You feel much better. You block the gnoll's attack.
You closely miss the gnoll.
The gnoll is lightly wounded.
You block the gnoll's attack.
You barely miss the gnoll.
The gnoll is lightly wounded.
You block the gnoll's attack. The gnoll hits you but does no damage.
You hit the gnoll.
The gnoll is heavily wounded.
The gnoll hits you but does no damage.
You closely miss the gnoll.
The gnoll is heavily wounded.
The gnoll hits you with a +0 halberd.
You hit the gnoll.
The gnoll is heavily wounded.
The gnoll hits you with a +0 halberd!
You hit the gnoll.
The gnoll is severely wounded.
The gnoll hits you with a +0 halberd.
You slash the gnoll!
You kill the gnoll!
No target in view!
No target in view!
No target in view!
No target in view!
No target in view!
No target in view!
No target in view!
No target in view!
No target in view!
No target in view!
No target in view!
Things that are here:
a +0 halberd; a gnoll corpse
Things that are here:
a +0 club; a +0 club; a hobgoblin corpse You now have 113 gold pieces (gained 8).
You now have 127 gold pieces (gained 14).
u - a wand of iceblast (5) {@v2}
There is a stone staircase leading up here.
You see here a +0 club.
An orc comes into view.
The orc shouts!
An orc is nearby!
You see here 7 gold pieces.
An orc is nearby!
Your shield and plate armour prevent you from hitting the orc.
You block the orc's attack.
You slash the orc!
You kill the orc!
No target in view!
No target in view!
No target in view!
No target in view!
No target in view!
No target in view!
No target in view!
No target in view!
No target in view!
No target in view!
You now have 134 gold pieces (gained 7).
Things that are here:
a +0 leather armour; an orc corpse
Found a stone staircase leading up.
There is a stone staircase leading up here.
You now have 137 gold pieces (gained 3).
Items here: ))) [ รท.
You see here a dagger.
Items here: ( ))) [[.
No target in view!
Things that are here:
a +0 dagger; a +0 robe; a cursed -2 dagger
Items here: ))) [.
No target in view!
No target in view!
No target in view!
No target in view!
No target in view!
No target in view!
No target in view!
No target in view!
No target in view!
No target in view!
No target in view!
Ijyb and Jessica come into view.
Ijyb is carrying a wand of acid (7).
Jessica shouts!
Ijyb shouts!
There are monsters nearby!
There are monsters nearby!
There are monsters nearby!
There are monsters nearby!
Your shield and plate armour prevent you from hitting Ijyb.
Ijyb completely misses you.
You hit Ijyb but do no damage.
Ijyb zaps a wand.
The bolt of acid hits you! The acid corrodes you!
You are splashed with acid!
* * * LOW HITPOINT WARNING * * *
Ijyb zaps a wand.
The bolt of acid hits you!
* * * LOW HITPOINT WARNING * * *
You are splashed with acid!
You die...

* * ####.......## ,
*######.## ## #...# ## *
* #. ,,* #...# #. #, #.*
, #...# #. , #.##.,,,*
#...# #. ,.##....
######...#####
.......####.............
......@@................
.####.g####.............
, #.... ####.#...#.###
#.#.# #.#...#># # * * #
#.* #.#...#.# # ..
#.#...#.# # , .#*
##.#...#.# # ,*, .
#........# # ,, *
#######.######## #


You could see Ijyb and Jessica.

Vanquished Creatures
  2 orc wizards (D:3)
  An iguana (D:3)
  6 gnolls (D:3)
  2 dart slugs (D:1)
  3 leopard geckos
  5 orcs (D:3)
  2 giant cockroaches
  6 goblins
  9 hobgoblins
  2 jackals (D:1)
  7 kobolds
  A quokka (D:3)
  3 frilled lizards
  4 rats
53 creatures vanquished.

Notes
Turn   | Place    | Note
-------+----------+-------------------------------------------
     0 | D:1      | EnegeticOcto the Deep Dwarf Fighter began the quest for the
                  | Orb.
     0 | D:1      | Reached XP level 1. HP: 20/20 MP: 1/1
    80 | D:1      | Reached XP level 2. HP: 24/27 MP: 2/2
   190 | D:2      | Reached XP level 3. HP: 28/33 MP: 3/3
   829 | D:3      | Reached XP level 4. HP: 21/42 MP: 3/3
   894 | D:3      | Reached XP level 5. HP: 31/49 MP: 4/4
  1387 | D:3      | Noticed Jessica
  1387 | D:3      | Noticed Ijyb
  1389 | D:3      | HP: 1/49 [Ijyb/bolt of acid (6)]
  1389 | D:3      | Splashed by Ijyb's acid

Illustrated notes

Levels and vault maps discovered:
D:1:      evilmike_arrival_home_sweet_home, layout_rooms,
          chequers_serial_rivers_micro_d
D:2:      layout_loops_corners, glass_columns_a, minmay_rat_gold_closets
D:3:      layout_loops_cross, minmay_vboxes, uniq_jessica, uniq_ijyb

Skill      XL: |  1  2  3  4 |
---------------+-------------+-----
Axes           | 3 4 |  4.3
Fighting       | 3 |  3.4
Armour         | 4 |  4.2
Shields        | 4 |  4.2

Action                   |  1- 3 |  4- 6 || total
-------------------------+-------+-------++-------
Melee: War axe           |    67 |    90 ||   157
 Abil: Heal Wounds       |     2 |     8 ||    10
  Use: Potion            |       |     2 ||     2
Armor: Scale mail        |    20 |       ||    20
       Plate armour      |    21 |    82 ||   103
Dodge: Dodged            |    22 |    16 ||    38
Block: Kite shield       |    39 |    54 ||    93
